 Dungeon Crawl Stone Soup version 0.28.0-56-g4927b6849a (webtiles) character file.

Game seed: 721886985999145143

573 cbfl8 the Chopper (level 7, -6/53 HPs)
             Began as a Demonspawn Gladiator on Feb 2, 2023.
             Succumbed to a scorpion's poison
             ... on level 5 of the Dungeon.
             The game lasted 00:05:21 (4544 turns).

cbfl8 the Chopper (Demonspawn Gladiator)            Turns: 4544, Time: 00:05:22

Health: -6/53      AC:  7    Str: 16    XL:     7   Next: 12%
Magic:  2/7        EV: 10    Int: 10    God:
Gold:   211        SH:  3    Dex: 14    Spells: 6/6 levels left

rFire   . . .      SeeInvis .   a - +0 war axe
rCold   + . .      Faith    .   p - +0 buckler
rNeg    . . .      Spirit   +   g - +1 scale mail {rC+}
rPois   .          Reflect  .   (helmet restricted)
rElec   .          Harm     .   (no cloak)
rCorr   .          Rampage  .   (no gloves)
Will    .....                   (no boots)
Stlth   ..........              k - amulet of guardian spirit
HPRegen 0.17/turn               (no ring)
MPRegen 0.10/turn               (no ring)

@: lethally poisoned (-6 -> -43)
A: antennae 2, hooves 1, demonic guardian 2, demonic touch 1
a: no special abilities


You were on level 5 of the Dungeon.
You visited 1 branch of the dungeon, and saw 5 of its levels.

You collected 239 gold pieces.
You spent 28 gold pieces at shops.

Inventory:

Hand Weapons
 a - a +0 war axe (weapon)
Missiles
 d - 3 throwing nets
Armour
 e - a +0 chain mail
 g - a +1 scale mail of cold resistance (worn)
 p - a +0 buckler (worn)
Jewellery
 k - an amulet of guardian spirit (around neck)
Wands
 j - a wand of flame (14) (quivered)
Scrolls
 b - 2 scrolls of enchant armour
 c - 2 scrolls of noise
 l - a scroll of teleportation
 m - 3 scrolls of amnesia {unknown}
 n - a scroll of fear
 q - a scroll of magic mapping {unknown}
 r - a scroll of enchant weapon {unknown}
Potions
 f - a potion of attraction
 h - a potion of curing
 i - 3 potions of mutation
 o - 2 potions of lignification {unknown}


   Skills:
 * Level 3.9 Fighting
 + Level 4.7 Axes
 - Level 1.8 Throwing
 + Level 2.5 Armour
 + Level 3.0 Dodging
 + Level 1.2 Stealth
 * Level 3.2 Evocations


You had 6 spell levels left.
You didn't know any spells.
Your spell library contained the following spells:

 Spells                   Type           Power      Damage    Failure   Level
 Summon Small Mammal      Summ           0%         N/A       88%         1
 Call Canine Familiar     Summ           0%         N/A       99%         3
 Summon Guardian Golem    Hex/Summ       0%         N/A       99%         3
 Iskenderun's Battlesphe  Conj           0%         2d6       100%        5
 Iron Shot                Conj/Erth      0%         9d1       100%        6
 Spellforged Servitor     Conj/Summ      0%         N/A       100%        7


Dungeon Overview and Level Annotations

Branches:
Dungeon (5/15)
 Temple: D:4-7

Altars:

Shops:
D:1 ?   D:2 [

Annotations:
D:5 cbfl8's ghost, novice DsBe


Innate Abilities, Weirdness & Mutations

You have a pair of antennae on your head.
You have large cloven feet.
A demonic guardian rushes to your aid.
Your touch may inflict minor irresistible damage on your foes.


Message History

You closely miss the scorpion.
You feel very sick. The scorpion stings you. x2
You hit the scorpion.
The scorpion is moderately wounded.
You feel very sick. You block the scorpion's attack.
You closely miss the scorpion.
The scorpion is moderately wounded.
You feel sick. The scorpion barely misses you. The scorpion stings you.
You hit the scorpion.
The scorpion is moderately wounded.
You feel sick. The scorpion misses you.
You closely miss the scorpion.
You kick the scorpion, but do no damage.
The scorpion is moderately wounded.
You feel sick. The scorpion stings you.
You are more poisoned.
The scorpion poisons you! The scorpion stings you.
You are lethally poisoned!
The scorpion poisons you!
You closely miss the scorpion. You kick the scorpion.
The scorpion is heavily wounded.
* * * LOW HITPOINT WARNING * * *
You feel extremely sick.
The scorpion stings you but does no damage.
The scorpion stings you.
* * * LOW HITPOINT WARNING * * *
You are more poisoned.
The scorpion poisons you!
You hit the scorpion. Your kick misses the scorpion.
The scorpion is heavily wounded.
* * * LOW HITPOINT WARNING * * *
You feel extremely sick. The scorpion stings you.
* * * LOW HITPOINT WARNING * * *
A demonic guardian appears!
You are more poisoned.
The scorpion poisons you!
You die... . ..... ##.# #.#.#.. .. .ZZ

#..# #.#...# ....##### ##.##
##..# #.....###..# #..#
#.##.....## ##.# #....#####
#.† ####.# .. #..
#######4#.##### ##.
#.....@.s...... #.
#.#####.#.#######.##### #.#
#.#.# #.......... ###.# #.#
# #.###.##### ...# #.#
###.###.#####
...#######.#####.#
..#.##.......
...............#.#
#.#.##..####.
...####..#.......# #.#.##..#
#.
#....#.###.#####.#.....####.


You could see a scorpion (ally target), 2 water moccasin simulacra and a
friendly orange demon (summoned).

Vanquished Creatures
  Sigmund (D:3)
  A necrophage (D:5)
  2 hounds
  A bullfrog zombie (D:4)
  2 orc priests (D:4)
  An iguana (D:4)
  An orc wizard (D:4)
  A hound skeleton (D:4)
  A gnoll (D:1)
  3 adders
  An ufetubus (D:5)
  2 worms (D:2)
  4 dart slugs
  6 orcs
  7 ball pythons
  4 endoplasms
  3 giant cockroaches
  10 goblins
  5 hobgoblins
  3 jackals (D:2)
  2 quokkas
  8 bats
  A frilled lizard (D:3)
  2 kobolds (D:1)
  8 rats
80 creatures vanquished.

Notes
Turn   | Place    | Note
-------+----------+-------------------------------------------
     0 | D:1      | cbfl8 the Demonspawn Gladiator began the quest for the Orb.
     0 | D:1      | Reached XP level 1. HP: 16/16 MP: 1/1
   136 | D:1      | Discovered your monstrous ancestry.
   136 | D:1      | Gained mutation: Your touch may inflict minor irresistible
                  | damage on your foes. [demonic ancestry]
   136 | D:1      | Reached XP level 2. HP: 19/22 MP: 2/2
   144 | D:1      | Reached skill level 3 in Axes
   314 | D:1      | Reached skill level 1 in Stealth
   634 | D:1      | Gained mutation: You have a pair of small antennae on your
                  | head. [demonic ancestry]
   634 | D:1      | Reached XP level 3. HP: 27/27 MP: 3/3
   814 | D:1      | Reached skill level 1 in Evocations
   851 | D:1      | Found Ruppeh's Magic Scroll Shop.
   857 | D:1      | Bought a scroll of identify for 28 gold pieces
  1030 | D:1      | Found a faded altar of an unknown god.
  1210 | D:2      | Found Ilex's Antique Armour Shoppe.
  1372 | D:2      | Gained mutation: You have a pair of antennae on your head.
                  | [demonic ancestry]
  1372 | D:2      | Reached XP level 4. HP: 13/34 MP: 4/4
  2032 | D:3      | Reached skill level 1 in Armour
  2253 | D:3      | HP: 1/34 [poisoned by an adder]
  2262 | D:3      | Noticed Sigmund
  2742 | D:3      | Killed Sigmund
  2743 | D:3      | Reached skill level 4 in Axes
  2743 | D:3      | Gained mutation: You have large cloven feet. [demonic
                  | ancestry]
  2743 | D:3      | Reached XP level 5. HP: 40/41 MP: 5/5
  2880 | D:3      | Gained mutation: A weak demonic guardian rushes to your
                  | aid. [demonic ancestry]
  2880 | D:3      | Reached XP level 6. HP: 47/47 MP: 6/6
  4259 | D:5      | Entered Level 5 of the Dungeon
  4411 | D:5      | Gained mutation: A demonic guardian rushes to your aid.
                  | [demonic ancestry]
  4411 | D:5      | Reached XP level 7. HP: 44/53 MP: 4/7
  4496 | D:5      | Noticed cbfl8's ghost (novice DsBe)
  4543 | D:5      | HP: 2/53 [scorpion (1)]
  4544 | D:5      | Succumbed to a scorpion's poison

Illustrated notes

Levels and vault maps discovered:
D:1:      lightli_arrival_isolated_outpost, layout_basic,
          basic_ecumenical_altar, serial_shops, nicolae_shop_crystal,
          minmay_misc_feat_nine_boxes
D:2:      layout_rooms, serial_shops, nicolae_square_shop, chequers_mini_garden
D:3:      layout_basic, uniq_sigmund
D:4:      cheibrodos_pilgrimage, layout_basic, eino_tiny_chamber
D:5:      layout_basic, gammafunk_ghost_icy, serial_shops,
          nicolae_shop_behind_doors

Skill      XL: |  1  2  3  4  5  6 |
---------------+-------------------+-----
Axes           | 3 4 |  4.7
Stealth        | 1 |  1.2
Evocations     | 1 2 3 |  3.2
Armour         | 1 2 |  2.5
Fighting       | 3 |  3.9
Dodging        | 3 |  3.0
Throwing       | |  1.8

Action                   |  1- 3 |  4- 6 |  7- 9 || total
-------------------------+-------+-------+-------++-------
Melee: War axe           |    87 |   106 |    14 ||   207
       Touch             |    10 |     9 |       ||    19
       Kick              |       |    15 |     2 ||    17
Evoke: Wand              |       |    10 |       ||    10
  Use: Scroll            |     3 |     8 |       ||    11
       Potion            |       |     2 |       ||     2
Armor: Leather armour    |    13 |       |       ||    13
       Chain mail        |    35 |    81 |       ||   116
       Scale mail        |       |    12 |     3 ||    15
Dodge: Dodged            |    41 |    52 |    10 ||   103
Block: Buckler           |       |     4 |     2 ||     6
